 Dungeon Crawl Stone Soup version 0.31-a0-164-g2312942fda (webtiles) character file.

Game seed: 18223750270535194985

8216 qw the Skirmisher (level 11, -11/103 HPs)
             Began as a Naga Hunter on June 13, 2023.
             Was a Believer of Okawaru.
             Mangled by a revenant (18 damage)
             ... on level 1 of the Abyss.
             The game lasted 00:02:57 (7097 turns).

qw the Skirmisher (Naga Hunter)                     Turns: 7097, Time: 00:02:58

Health: -11/103    AC: 10    Str: 13    XL:     11   Next: 27%
Magic:  13/14      EV: 21    Int:  9    God:    Okawaru [**....]
Gold:   235        SH:  5    Dex: 20    Spells: 10/10 levels left

rFire   . . .        Y - +0 orcbow
rCold   + . .        (shield currently unavailable)
rNeg    . . .        f - +0 robe {rC+}
rPois   +            (no helmet)
rElec   .            a - +0 cloak
rCorr   .            (no gloves)
SInv    +            (no barding)
Will    +....        p - amulet of reflection
Stlth   ++++         h - +5 ring of evasion
HPRegen 0.37/turn    j - +4 ring of protection
MPRegen 0.14/turn

%: reflection
@: about to teleport, heroic, very slow
A: AC +3, large, see invisible, deformed body, poison resistance, slowness 2,
spit poison 1, naga tail 1
a: Spit Poison, Renounce Religion, Heroism


You were on level 1 of the Abyss.
You worshipped Okawaru.
Okawaru was pleased with you.
You visited 2 branches of the dungeon, and saw 10 of its levels.
You visited the Abyss 1 time.

You collected 511 gold pieces.
You spent 276 gold pieces at shops.


Innate Abilities, Weirdness & Mutations

Your serpentine skin is tough. (AC +3)
You have supernaturally acute eyesight. (SInv)
Armour fits poorly on your strangely shaped body.
Your system is resistant to poisons. (rPois)
You cover ground very slowly.
You can spit poison.
You have a snake-like lower body.


   Skills:
 - Level 8.0(13.0) Fighting
 - Level 12.6(17.6) Ranged Weapons
 - Level 2.9(7.9) Armour
 + Level 4.8(9.8) Dodging
 - Level 1.5(6.5) Stealth
 - Level 4.1 Invocations


You had 10 spell levels left.
You didn't know any spells.
Your spell library was empty.

Inventory:

Hand Weapons
 Y - a +0 orcbow (weapon)
Armour
 a - a +0 cloak (worn)
 c - a +0 leather armour
 f - a +0 robe of cold resistance (worn)
Jewellery
 h - a +5 ring of evasion (left hand)
 j - a +4 ring of protection (right hand)
 p - an amulet of reflection (around neck)
Scrolls
 i - a scroll of identify
Potions
 b - a potion of mutation
 d - 2 potions of cancellation
 e - 2 potions of curing
 g - 3 potions of magic
 k - a potion of might
 l - a potion of resistance
 q - a potion of haste {unknown}
 u - a potion of berserk rage {unknown}

Dungeon Overview and Level Annotations

Branches:
Dungeon (9/15)             Temple (1/1) D:4
   Lair: D:8-11         Orc: D:9-12

Altars:
Ashenzari
Cheibriados
Dithmenos
Elyvilon
Fedhas
Gozag
Hepliaklqana
Makhleb
Nemelex Xobeh
Okawaru
Qazlal
Ru
Sif Muna
Trog
Uskayaw
Vehumet
Wu Jian
Xom
Zin
The Shining One

Shops:
D:5 !

Annotations:
D:8 1 transporter


Message History

You feel like a meek peon again.
A revenant comes into view.
7088 ||| INVOKING Heroism.
You gain the combat prowess of a mighty hero.
You shoot an arrow. The revenant shouts!
The arrow hits the revenant!
The revenant is moderately damaged.
You shoot an arrow.
The arrow completely misses the revenant.
The revenant conjures spectral mists around you.
The spectral mist engulfs you but does no damage.
You shoot an arrow. The arrow misses the revenant.
You are engulfed in spectral mist.
The revenant conjures spectral mists around you.
The spectral mist engulfs you but does no damage.
You shoot an arrow. The arrow closely misses the revenant.
The arrow hits the spectral ettin!!
The spectral ettin is moderately damaged.
You are engulfed in spectral mist.
You shoot an arrow. The arrow hits the revenant!
The revenant is moderately damaged.
You are engulfed in spectral mist.
You shoot an arrow. The arrow hits the revenant.
The revenant is heavily damaged.
You are engulfed in spectral mist.
You block the revenant's attack.
7095 ||| READING scroll of teleportation.
As you read the scroll of teleportation, it crumbles to dust.
You feel strangely unstable.
You feel the power of the Abyss delaying your translocation!
You are engulfed in spectral mist.
The revenant completely misses you.
You shoot an arrow.
The arrow hits the revenant but does no damage.
The revenant is heavily damaged.
You are engulfed in spectral mist.
You shoot an arrow.
The arrow hits the revenant but does no damage.
The revenant is heavily damaged.
You are engulfed in spectral mist.
The revenant hits you!!
You die...

# 0##
Z¤.
#¤##
#.Z##
#zZ#
#@#
###


You could see a revenant, a spectral spriggan defender (summoned), a spectral
ettin (summoned) and a spectral bunyip (summoned).

Vanquished Creatures
  A lich (Abyss:1)
  Erica (D:8)
  A two-headed ogre (D:7)
  A smoke demon (Abyss:1)
  Grinder (D:6)
  2 ynoxinuls (Abyss:1)
  Sigmund (D:3)
  6 yaks (D:6)
  A steam dragon (D:6)
  A large abomination (Abyss:1)
  2 water moccasins (D:7)
  3 sky beasts
  3 ice beasts
  A black bear (D:5)
  2 ogres (D:5)
  3 wolves (D:9)
  2 centaurs
  A phantom (D:5)
  A kobold brigand (D:8)
  6 bullfrogs
  3 scorpions (D:5)
  3 wights (D:9)
  9 killer bees (D:7)
  3 howler monkeys
  3 electric eels (D:9)
  2 jellies (D:5)
  An orc priest (D:6)
  7 hounds
  A gnoll bouda (D:8)
  2 sleepcaps
  6 iguanas
  2 orc wizards
  4 gnolls
  8 adders
  A white imp (D:6)
  4 worms
  6 dart slugs
  10 orcs
  6 ball pythons
  4 endoplasms
  A giant cockroach (D:2)
  9 goblins
  3 hobgoblins
  4 jackals (D:3)
  4 quokkas
  5 bats
  4 frilled lizards
  12 kobolds
  3 rats
170 creatures vanquished.

Notes
Turn   | Place    | Note
-------+----------+-------------------------------------------
     0 | D:1      | qw the Naga Hunter began the quest for the Orb.
     0 | D:1      | Reached XP level 1. HP: 19/19 MP: 1/1
     0 | D:1      | 0 ||| qw: Version: 0.2-a-29-gc1b59c4
     0 | D:1      | 0 ||| qw: Game counter: 4541
     0 | D:1      | 0 ||| qw: Always use a shield: true
     0 | D:1      | 0 ||| qw: God list: Okawaru
     0 | D:1      | 0 ||| qw: Allow faded altars: false
     0 | D:1      | 0 ||| qw: Do Orc after D:15 true
     0 | D:1      | 0 ||| qw: Do second Lair branch before Depths: true
     0 | D:1      | 0 ||| qw: Lair rune preference: random
     0 | D:1      | 0 ||| qw: Plans: Normal
     0 | D:1      | 0 ||| PLANNING D:1-11
   101 | D:1      | 101 ||| INVOKING Spit Poison.
   129 | D:1      | 129 ||| INVOKING Spit Poison.
   154 | D:1      | 154 ||| INVOKING Spit Poison.
   156 | D:1      | Reached skill level 4 in Ranged Weapons
   156 | D:1      | Reached XP level 2. HP: 26/26 MP: 2/2
   237 | D:1      | 237 ||| INVOKING Spit Poison.
   242 | D:1      | Reached XP level 3. HP: 32/32 MP: 3/3
   243 | D:1      | 243 ||| INVOKING Spit Poison.
   247 | D:1      | 247 ||| INVOKING Spit Poison.
   253 | D:1      | 253 ||| INVOKING Spit Poison.
   259 | D:1      | 259 ||| INVOKING Spit Poison.
   309 | D:1      | 309 ||| INVOKING Spit Poison.
   312 | D:1      | 312 ||| INVOKING Spit Poison.
   374 | D:1      | 374 ||| INVOKING Spit Poison.
   377 | D:1      | 377 ||| INVOKING Spit Poison.
   424 | D:1      | 424 ||| INVOKING Spit Poison.
   482 | D:1      | 482 ||| UPGRADING to +5 ring of evasion.
   483 | D:1      | 483 ||| READING scroll labelled JUPHUU BOIFRA.
   484 | D:1      | 484 ||| DROPPING scroll of butterflies.
   510 | D:2      | 510 ||| INVOKING Spit Poison.
   513 | D:2      | 513 ||| INVOKING Spit Poison.
   628 | D:2      | 628 ||| INVOKING Spit Poison.
   656 | D:2      | 656 ||| INVOKING Spit Poison.
   669 | D:2      | 669 ||| INVOKING Spit Poison.
   686 | D:2      | 686 ||| INVOKING Spit Poison.
   690 | D:2      | 690 ||| INVOKING Spit Poison.
   692 | D:2      | Reached skill level 5 in Ranged Weapons
   780 | D:2      | 780 ||| INVOKING Spit Poison.
   784 | D:2      | Reached XP level 4. HP: 39/39 MP: 4/4
   785 | D:2      | 785 ||| INVOKING Spit Poison.
   794 | D:2      | 794 ||| INVOKING Spit Poison.
   815 | D:2      | 815 ||| INVOKING Spit Poison.
   823 | D:2      | Found a faded altar of an unknown god.
   924 | D:2      | Identified the staff of earth "Vomily" {rF+ Int+3 Dex-4}
  1030 | D:2      | 1030 ||| INVOKING Spit Poison.
  1042 | D:2      | 1042 ||| INVOKING Spit Poison.
  1045 | D:2      | 1045 ||| INVOKING Spit Poison.
  1069 | D:2      | 1069 ||| INVOKING Spit Poison.
  1074 | D:2      | 1074 ||| INVOKING Spit Poison.
  1078 | D:2      | 1078 ||| INVOKING Spit Poison.
  1106 | D:2      | 1106 ||| INVOKING Spit Poison.
  1195 | D:2      | 1195 ||| READING 2 scrolls labelled INWAM FICU.
  1266 | D:2      | 1266 ||| READING scroll labelled LYGOHU RANOPH.
  1267 | D:2      | 1267 ||| READING 2 scrolls labelled BUXENA XEOSH.
  1268 | D:2      | 1268 ||| READING scroll labelled NITTAN KILEURUL.
  1269 | D:2      | 1269 ||| READING 2 scrolls of identify.
  1269 | D:2      | 1269 ||| IDENTIFYING fuming ruby potion
  1270 | D:2      | 1270 ||| DROPPING scroll of torment.
  1271 | D:2      | 1271 ||| DROPPING scroll of vulnerability.
  1330 | D:3      | 1330 ||| INVOKING Spit Poison.
  1348 | D:3      | 1348 ||| INVOKING Spit Poison.
  1362 | D:3      | 1362 ||| INVOKING Spit Poison.
  1371 | D:3      | 1371 ||| INVOKING Spit Poison.
  1372 | D:3      | Reached skill level 3 in Fighting
  1472 | D:3      | Noticed Sigmund
  1475 | D:3      | 1475 ||| INVOKING Spit Poison.
  1478 | D:3      | 1478 ||| INVOKING Spit Poison.
  1478 | D:3      | Killed Sigmund
  1479 | D:3      | Reached skill level 6 in Ranged Weapons
  1479 | D:3      | Reached XP level 5. HP: 49/49 MP: 5/5
  1479 | D:3      | Reached XP level 6. HP: 56/56 MP: 6/6
  1492 | D:3      | 1492 ||| INVOKING Spit Poison.
  1496 | D:3      | 1496 ||| INVOKING Spit Poison.
  1780 | D:3      | 1780 ||| INVOKING Spit Poison.
  1912 | D:3      | 1912 ||| UPGRADING to +0 cloak.
  1917 | D:3      | 1917 ||| UPGRADING to +0 robe of cold resistance.
  1927 | D:3      | 1927 ||| UPGRADING to amulet of the acrobat.
  1932 | D:3      | 1932 ||| READING scroll labelled FAABLI XENOBA.
  1937 | D:3      | 1937 ||| DRINKING 2 sapphire potions.
  1985 | D:3      | 1985 ||| DROPPING potion of lignification.
  1998 | D:4      | 1998 ||| INVOKING Spit Poison.
  2002 | D:4      | 2002 ||| INVOKING Spit Poison.
  2138 | D:4      | Found a staircase to the Ecumenical Temple.
  2139 | D:4      | 2139 ||| PLANNING TEMPLE
  2139 | D:4      | 2139 ||| DRINKING 2 bubbling emerald potions.
  2140 | D:4      | 2140 ||| DROPPING potion of invisibility.
  2148 | Temple   | Entered the Ecumenical Temple
  2350 | Temple   | 2350 ||| PLANNING OKAWARU WORSHIP
  2483 | Temple   | Became a worshipper of Warmaster Okawaru
  2483 | Temple   | 2483 ||| PLANNING D:1-11
  2551 | D:4      | 2551 ||| INVOKING Spit Poison.
  2554 | D:4      | 2554 ||| INVOKING Spit Poison.
  2619 | D:4      | 2619 ||| INVOKING Spit Poison.
  2633 | D:4      | 2633 ||| INVOKING Spit Poison.
  2719 | D:4      | 2719 ||| INVOKING Spit Poison.
  2741 | D:4      | 2741 ||| INVOKING Spit Poison.
  2742 | D:4      | 2742 ||| INVOKING Spit Poison.
  2771 | D:4      | 2771 ||| INVOKING Spit Poison.
  2922 | D:4      | 2922 ||| INVOKING Spit Poison.
  2928 | D:4      | Reached XP level 7. HP: 64/64 MP: 7/7
  2928 | D:4      | 2928 ||| INVOKING Spit Poison.
  2965 | D:4      | 2965 ||| INVOKING Spit Poison.
  3392 | D:4      | 3392 ||| READING 2 scrolls labelled XECARE ZESOI.
  3393 | D:4      | 3393 ||| READING scroll labelled JIPPAS JUPLU.
  3394 | D:4      | 3394 ||| READING 4 scrolls of identify.
  3394 | D:4      | 3394 ||| IDENTIFYING metallic cyan potion
  3395 | D:4      | 3395 ||| READING 3 scrolls of identify.
  3395 | D:4      | 3395 ||| IDENTIFYING blue potion
  3396 | D:4      | 3396 ||| READING 2 scrolls of identify.
  3396 | D:4      | 3396 ||| IDENTIFYING metallic pink potion
  3397 | D:4      | 3397 ||| DROPPING scroll of immolation.
  3398 | D:4      | 3398 ||| DROPPING potion of attraction.
  3437 | D:5      | Entered Level 5 of the Dungeon
  3438 | D:5      | 3438 ||| PLANNING SEWER
  3443 | D:5      | 3443 ||| STAIRDANCE
  3527 | D:5      | 3527 ||| INVOKING Spit Poison.
  3532 | D:5      | Reached skill level 7 in Ranged Weapons
  3547 | D:5      | 3547 ||| INVOKING Spit Poison.
  3553 | D:5      | 3553 ||| INVOKING Spit Poison.
  3555 | D:5      | Reached * piety under Okawaru
  3561 | D:5      | 3561 ||| INVOKING Spit Poison.
  3571 | D:5      | 3571 ||| INVOKING Heroism.
  3572 | D:5      | 3572 ||| INVOKING Spit Poison.
  3578 | D:5      | Reached skill level 1 in Invocations
  3578 | D:5      | Reached XP level 8. HP: 69/72 MP: 5/9
  3703 | D:5      | 3703 ||| INVOKING Heroism.
  3712 | D:5      | Reached skill level 8 in Ranged Weapons
  3838 | D:5      | Found Wohun's Distillery.
  3844 | D:5      | 3844 ||| INVOKING Spit Poison.
  3848 | D:5      | 3848 ||| INVOKING Heroism.
  3849 | D:5      | 3849 ||| INVOKING Spit Poison.
  3851 | D:5      | Reached skill level 3 in Invocations
  3876 | D:5      | 3876 ||| BUYING potion of cancellation (96 gold).
  3876 | D:5      | Bought a potion of cancellation for 96 gold pieces
  3876 | D:5      | 3876 ||| BUYING potion of curing (36 gold).
  3876 | D:5      | Bought a potion of curing for 36 gold pieces
  3876 | D:5      | 3876 ||| BUYING potion of magic (96 gold).
  3876 | D:5      | Bought a potion of magic for 96 gold pieces
  3876 | D:5      | 3876 ||| BUYING potion of might (48 gold).
  3876 | D:5      | Bought a potion of might for 48 gold pieces
  3876 | D:5      | 3876 ||| SHOPLISTING potion of mutation (96 gold, have 49).
  3876 | D:5      | 3876 ||| SHOPLISTING potion of resistance (120 gold, have
                  | 49).
  3954 | D:5      | 3954 ||| RIP SEWER
  3970 | D:5      | 3970 ||| PLANNING D:1-11
  3983 | D:5      | 3983 ||| INVOKING Spit Poison.
  4034 | D:5      | 4034 ||| INVOKING Spit Poison.
  4042 | D:5      | 4042 ||| INVOKING Spit Poison.
  4121 | D:5      | 4121 ||| SWAPPING to +0 orcbow.
  4122 | D:5      | 4122 ||| DROPPING +0 shortbow of chaos.
  4149 | D:5      | 4149 ||| INVOKING Spit Poison.
  4152 | D:5      | 4152 ||| INVOKING Spit Poison.
  4158 | D:5      | 4158 ||| INVOKING Heroism.
  4182 | D:5      | 4182 ||| INVOKING Spit Poison.
  4206 | D:5      | 4206 ||| INVOKING Spit Poison.
  4411 | D:5      | 4411 ||| UPGRADING to amulet of reflection.
  4421 | D:5      | 4421 ||| DROPPING amulet of the acrobat.
  4495 | D:6      | 4495 ||| INVOKING Heroism.
  4519 | D:6      | 4519 ||| INVOKING Spit Poison.
  4524 | D:6      | 4524 ||| INVOKING Spit Poison.
  4552 | D:6      | 4552 ||| INVOKING Spit Poison.
  4573 | D:6      | Reached skill level 9 in Ranged Weapons
  4620 | D:6      | 4620 ||| INVOKING Heroism.
  4648 | D:6      | 4648 ||| INVOKING Spit Poison.
  4659 | D:6      | 4659 ||| INVOKING Spit Poison.
  4662 | D:6      | 4662 ||| INVOKING Spit Poison.
  4667 | D:6      | Reached XP level 9. HP: 81/81 MP: 12/12
  4705 | D:6      | 4705 ||| INVOKING Spit Poison.
  4708 | D:6      | 4708 ||| INVOKING Heroism.
  4711 | D:6      | Reached skill level 3 in Dodging
  4712 | D:6      | 4712 ||| INVOKING Spit Poison.
  4718 | D:6      | 4718 ||| INVOKING Spit Poison.
  4746 | D:6      | Noticed Grinder
  4747 | D:6      | 4747 ||| INVOKING Heroism.
  4754 | D:6      | Killed Grinder
  4802 | D:6      | 4802 ||| INVOKING Spit Poison.
  4805 | D:6      | Reached skill level 6 in Fighting
  4806 | D:6      | 4806 ||| INVOKING Heroism.
  4809 | D:6      | 4809 ||| INVOKING Spit Poison.
  4814 | D:6      | 4814 ||| Stepping ~*~*~tactically~*~*~ (cloud).
  4816 | D:6      | 4816 ||| Stepping ~*~*~tactically~*~*~ (cloud).
  4916 | D:6      | 4916 ||| INVOKING Spit Poison.
  4920 | D:6      | 4920 ||| INVOKING Spit Poison.
  4924 | D:6      | 4924 ||| INVOKING Spit Poison.
  4930 | D:6      | 4930 ||| INVOKING Spit Poison.
  4933 | D:6      | 4933 ||| INVOKING Heroism.
  4934 | D:6      | 4934 ||| INVOKING Spit Poison.
  4935 | D:6      | 4935 ||| INVOKING Spit Poison.
  4940 | D:6      | Reached skill level 10 in Ranged Weapons
  4943 | D:6      | 4943 ||| INVOKING Spit Poison.
  4953 | D:6      | 4953 ||| INVOKING Spit Poison.
  4961 | D:6      | 4961 ||| INVOKING Spit Poison.
  4963 | D:6      | 4963 ||| INVOKING Heroism.
  5265 | D:6      | 5265 ||| INVOKING Spit Poison.
  5310 | D:6      | 5310 ||| INVOKING Spit Poison.
  5346 | D:6      | You fall into a shaft and drop 3 floors!
  5378 | D:9      | Reached XP level 10. HP: 94/94 MP: 13/13
  5403 | D:9      | 5403 ||| INVOKING Heroism.
  5412 | D:9      | 5412 ||| INVOKING Spit Poison.
  5416 | D:9      | 5416 ||| INVOKING Spit Poison.
  5420 | D:9      | 5420 ||| INVOKING Spit Poison.
  5424 | D:9      | 5424 ||| INVOKING Spit Poison.
  5425 | D:9      | Reached ** piety under Okawaru
  5434 | D:9      | 5434 ||| INVOKING Spit Poison.
  5436 | D:9      | 5436 ||| INVOKING Heroism.
  5437 | D:9      | HP: 19/94 [electric eel/bolt of electricity (12)]
  5438 | D:9      | 5438 ||| READING scroll of teleportation.
  5438 | D:9      | HP: 6/94 [electric eel/bolt of electricity (14)]
  5440 | D:9      | 5440 ||| INVOKING Spit Poison.
  5692 | D:9      | 5692 ||| DRINKING 2 white potions.
  5693 | D:9      | 5693 ||| DRINKING 3 potions of curing.
  5693 | D:9      | 5693 ||| (to cure confusion)
  5694 | D:9      | 5694 ||| READING 2 scrolls of identify.
  5694 | D:9      | 5694 ||| IDENTIFYING orange potion
  5695 | D:9      | 5695 ||| DROPPING potion of ambrosia.
  5703 | D:8      | 5703 ||| INVOKING Spit Poison.
  5708 | D:8      | Reached skill level 11 in Ranged Weapons
  5721 | D:8      | 5721 ||| INVOKING Spit Poison.
  5722 | D:8      | 5722 ||| INVOKING Heroism.
  5726 | D:8      | 5726 ||| INVOKING Spit Poison.
  5753 | D:8      | Noticed Erica
  5754 | D:8      | 5754 ||| INVOKING Heroism.
  5755 | D:8      | 5755 ||| INVOKING Spit Poison.
  5761 | D:8      | Killed Erica
  5802 | D:8      | Found a transporter.
  5828 | D:8      | 5828 ||| INVOKING Spit Poison.
  5835 | D:8      | 5835 ||| INVOKING Spit Poison.
  5876 | D:8      | 5876 ||| UPGRADING to +4 ring of protection.
  6011 | D:7      | 6011 ||| INVOKING Spit Poison.
  6028 | D:7      | 6028 ||| INVOKING Spit Poison.
  6034 | D:7      | 6034 ||| INVOKING Spit Poison.
  6071 | D:7      | 6071 ||| INVOKING Spit Poison.
  6077 | D:7      | 6077 ||| INVOKING Spit Poison.
  6079 | D:7      | 6079 ||| INVOKING Heroism.
  6082 | D:7      | 6082 ||| INVOKING Spit Poison.
  6088 | D:7      | 6088 ||| INVOKING Spit Poison.
  6095 | D:7      | 6095 ||| INVOKING Spit Poison.
  6233 | D:7      | 6233 ||| INVOKING Spit Poison.
  6251 | D:7      | 6251 ||| INVOKING Spit Poison.
  6362 | D:7      | Noticed a two-headed ogre
  6363 | D:7      | 6363 ||| INVOKING Heroism.
  6365 | D:7      | 6365 ||| INVOKING Spit Poison.
  6374 | D:7      | 6374 ||| INVOKING Spit Poison.
  6374 | D:7      | Killed a two-headed ogre
  6612 | D:7      | 6612 ||| INVOKING Spit Poison.
  6620 | D:7      | 6620 ||| INVOKING Spit Poison.
  6626 | D:7      | 6626 ||| INVOKING Spit Poison.
  6633 | D:7      | 6633 ||| INVOKING Spit Poison.
  6636 | D:7      | 6636 ||| INVOKING Heroism.
  6637 | D:7      | 6637 ||| INVOKING Spit Poison.
  6830 | D:7      | 6830 ||| READING 3 scrolls labelled ZAVIUNOUMMO.
  6831 | D:7      | 6831 ||| READING scroll labelled ELARIE JOINIP.
  6832 | D:7      | 6832 ||| READING 3 scrolls of identify.
  6832 | D:7      | 6832 ||| IDENTIFYING glowing clear potion
  6833 | D:7      | 6833 ||| READING 2 scrolls of identify.
  6833 | D:7      | 6833 ||| IDENTIFYING pink potion
  6834 | D:7      | 6834 ||| DROPPING potion of enlightenment.
  6835 | D:7      | 6835 ||| DROPPING 2 scrolls of amnesia.
  6843 | D:7      | 6843 ||| INVOKING Spit Poison.
  6850 | D:7      | 6850 ||| INVOKING Spit Poison.
  6855 | D:7      | 6855 ||| INVOKING Spit Poison.
  6859 | D:7      | 6859 ||| INVOKING Spit Poison.
  6864 | D:7      | 6864 ||| INVOKING Spit Poison.
  6866 | Abyss:1  | Found a corrupted altar of Lugonu.
  6866 | Abyss:1  | Cast into level 1 of the Abyss (orc)
  6907 | Abyss:1  | Noticed a lich
  6908 | Abyss:1  | 6908 ||| INVOKING Heroism.
  6931 | Abyss:1  | Killed a lich
  6932 | Abyss:1  | Reached skill level 12 in Ranged Weapons
  6932 | Abyss:1  | Reached XP level 11. HP: 61/103 MP: 14/14
  6948 | Abyss:1  | 6948 ||| INVOKING Heroism.
  6952 | Abyss:1  | 6952 ||| INVOKING Spit Poison.
  6955 | Abyss:1  | Noticed a rakshasa
  6969 | Abyss:1  | HP: 25/103 [rakshasa/+0 long sword of electrocution (12)]
  6970 | Abyss:1  | 6970 ||| READING 3 scrolls of teleportation.
  6981 | Abyss:1  | 6981 ||| INVOKING Heroism.
  6984 | Abyss:1  | HP: 22/103 [rakshasa/+0 long sword of electrocution (7)]
  6985 | Abyss:1  | 6985 ||| DRINKING potion of heal wounds.
  7013 | Abyss:1  | 7013 ||| INVOKING Heroism.
  7020 | Abyss:1  | 7020 ||| INVOKING Spit Poison.
  7020 | Abyss:1  | HP: 12/103 [ynoxinul/entropic shot (34)]
  7021 | Abyss:1  | 7021 ||| READING 2 scrolls of teleportation.
  7022 | Abyss:1  | 7022 ||| INVOKING Spit Poison.
  7087 | Abyss:1  | Noticed a revenant
  7088 | Abyss:1  | 7088 ||| INVOKING Heroism.
  7094 | Abyss:1  | Noticed a spectral spriggan defender
  7094 | Abyss:1  | HP: 22/103 [revenant] (7)]
  7095 | Abyss:1  | 7095 ||| READING scroll of teleportation.
  7097 | Abyss:1  | Noticed a spectral bunyip
  7097 | Abyss:1  | HP: 7/103 [revenant] (6)]
  7097 | Abyss:1  | Mangled by a revenant

Levels and vault maps discovered:
D:1:      dpeg_arrival_snail, layout_basic
D:2:      layout_loops_ring, chequers_ecumenical_altar_island, st_stairs_11,
          dk_noncrumbling_3
D:3:      layout_loops_ring, uniq_sigmund
D:4:      layout_layer_cave, minmay_temple_entry_drinking_statues
D:5:      layout_loops_ring, serial_shops, shop, gup_sewer_entry_glass
D:6:      layout_basic, grunt_decor_one_mirror, st_stairs_3, kennysheep_boxes,
          uniq_grinder
D:7:      layout_basic, uniq_maggie
D:8:      layout_loops_corners, gammafunk_temple_of_torment, eino_tiny_chamber,
          uniq_erica
D:9:      layout_gridville, erik_lair_island, david_orc_5, uniq_harold,
          uniq_joseph, uniq_grum, uniq_psyche
Temple:   mainiacjoe_temple_cubbyholes
Abyss:1:  base:
Sewer

Skill      XL: |  1  2  3  4  5  6  7  8  9 10 |
---------------+-------------------------------+-----
Ranged Weapons | 4 5 6 7 9 10 12 | 12.6
Fighting       | 3 4 5 7 8 |  8.0
Dodging        | 2 4 |  4.8
Invocations    | 1 4 |  4.1
Armour         | 2 |  2.9
Stealth        | |  1.5

Action                     |  1- 3 |  4- 6 |  7- 9 | 10-12 || total
---------------------------+-------+-------+-------+-------++-------
   Fire: Shortbow          |    59 |    79 |    82 |       ||   220
         Orcbow            |       |       |   143 |   249 ||   392
 Invoke: Heroism           |       |       |    11 |    12 ||    23
Ability: Spit Poison       |    21 |    29 |    37 |    36 ||   123
    Use: Scroll            |     1 |     6 |     5 |     9 ||    21
         Potion            |       |     2 |       |     3 ||     5
 Armour: Leather armour    |     2 |     6 |       |       ||     8
         Robe              |       |     3 |    10 |    51 ||    64
  Dodge: Dodged            |     9 |    26 |    77 |   196 ||   308
  Block: Other             |       |       |    13 |    51 ||    64

Table legend:
 A = Non-vault XP
 B = Vault XP
 C = Vault XP percentage of total XP
 D = Non-vault monster count
 E = Vault monster count
 F = Vault count percentage of total count
                 A         B        C        D         E       F
            +---------+---------+-------+---------+---------+-------
      Total |    9653 |    2085 |  17.8 |     155 |      16 |   9.4
            +---------+---------+-------+---------+---------+-------
        D:1 |      63 |       0 |   0.0 |      27 |       0 |   0.0
        D:2 |      52 |       9 |  14.8 |      15 |       3 |  16.7
        D:3 |      62 |     226 |  78.5 |      12 |       1 |   7.7
        D:4 |     383 |       0 |   0.0 |      15 |       0 |   0.0
        D:5 |    1210 |       0 |   0.0 |      19 |       0 |   0.0
        D:6 |    2127 |     464 |  17.9 |      23 |       3 |  11.5
        D:7 |    2285 |       0 |   0.0 |      22 |       0 |   0.0
        D:8 |     279 |     821 |  74.6 |      11 |       1 |   8.3
        D:9 |     381 |     565 |  59.7 |       6 |       8 |  57.1
    Abyss:1 |    2811 |       0 |   0.0 |       5 |       0 |   0.0
            +---------+---------+-------+---------+---------+-------
